 Dungeon Crawl Stone Soup version 0.29.0-4-gdea44cf6ec (webtiles) character file.

Game seed: 6225541376112718278

1246 apoch the Shield-Bearer (level 8, 0/67 HPs)
             Began as a Gnoll Fighter on Aug 27, 2022.
             Was a Follower of Yredelemnul.
             Slain by an orc warrior
             ... wielding a +1 quarterstaff of distortion
              (8 damage)
             ... on level 6 of the Dungeon.
             The game lasted 00:11:41 (6503 turns).

apoch the Shield-Bearer (Gnoll Fighter)             Turns: 6503, Time: 00:11:43

Health: 0/67       AC: 19    Str: 17    XL:     8   Next: 50%
Magic:  13/13      EV:  8    Int:  8    God:    Yredelemnul [*.....]
Gold:   345        SH:  5    Dex: 12    Spells: 13/13 levels left

rFire   . . .      SeeInvis .   a - +1 war axe
rCold   . . .      Faith    .   c - +0 buckler
rNeg    . . .      Spirit   .   l - +1 chain mail
rPois   .          Reflect  .   (no helmet)
rElec   .          Harm     .   y - +0 cloak
rCorr   .          Rampage  .   z - +0 pair of gloves
Will    .....                   m - +0 pair of boots
Stlth   ..........              (no amulet)
HPRegen 0.21/turn               w - +4 ring of protection
MPRegen 0.13/turn               (no ring)

@: mighty
A: fangs 1, strong nose, distributed training
a: Renounce Religion, Recall Undead Harvest


You were on level 6 of the Dungeon.
You worshipped Yredelemnul.
Yredelemnul was noncommittal.
You visited 1 branch of the dungeon, and saw 6 of its levels.
You also visited: Sewer.

You collected 345 gold pieces.

Inventory:

Hand Weapons
 a - a +1 war axe (weapon)
Missiles
 n - 9 boomerangs
 o - 86 stones (quivered)
 v - 25 poisoned darts
 A - 5 curare-tipped darts
Armour
 b - a +0 scale mail
 c - a +0 buckler (worn)
 l - a +1 chain mail (worn)
 m - a +0 pair of boots (worn)
 y - a +0 cloak (worn)
 z - a +0 pair of gloves (worn)
Jewellery
 w - a +4 ring of protection (left hand)
 B - a +6 ring of dexterity
Wands
 r - a wand of digging (5)
 x - a wand of flame (16)
 C - a wand of roots (7)
Scrolls
 e - 3 scrolls of identify
 f - a scroll of amnesia
 g - a scroll of blinking
 h - 5 scrolls of teleportation
 k - 2 scrolls of butterflies
 q - a scroll of immolation
 D - 2 scrolls of noise
Potions
 d - a potion of might
 i - 2 potions of invisibility {unknown}
 j - a potion of berserk rage {unknown}
 p - 2 potions of curing
 s - a potion of lignification {unknown}
 t - 2 potions of brilliance {unknown}
 u - a potion of magic {unknown}
 E - 2 potions of cancellation {unknown}
 F - 2 potions of mutation {unknown}
 G - 3 potions of heal wounds {unknown}


   Skills:
 + Level 7.4 Fighting
 + Level 3.4 Short Blades
 + Level 3.4 Long Blades
 + Level 5.8 Axes
 + Level 3.4 Maces & Flails
 + Level 3.4 Polearms
 + Level 3.4 Staves
 + Level 3.4 Ranged Weapons
 + Level 3.4 Throwing
 + Level 7.4 Armour
 + Level 3.4 Dodging
 + Level 3.4 Stealth
 + Level 7.4 Shields
 + Level 3.4 Unarmed Combat
 + Level 3.4 Spellcasting
 + Level 2.8 Conjurations
 + Level 2.8 Hexes
 + Level 2.8 Summonings
 + Level 2.8 Necromancy
 + Level 2.8 Translocations
 + Level 2.8 Transmutations
 + Level 2.8 Fire Magic
 + Level 2.8 Ice Magic
 + Level 2.8 Air Magic
 + Level 2.8 Earth Magic
 + Level 2.8 Poison Magic
 + Level 3.8 Invocations
 + Level 3.4 Evocations


You had 13 spell levels left.
You didn't know any spells.
Your spell library was empty.

Dungeon Overview and Level Annotations

Branches:
Dungeon (6/15)              Sewer (visited)
 Temple: D:4-7

Altars:
Dithmenos
Elyvilon
Wu Jian
Yredelemnul

Portals:
Abyss: D:6

Annotations:
D:6 1 transporter, Sin92's ghost, novice DsFi


Innate Abilities, Weirdness & Mutations

You have very sharp teeth.
Your uncanny sense of smell can sniff out nearby items.
Your experience applies equally to all skills.


Message History

The ufetubus hits you but does no damage. x2
The small abomination hits you but does no damage.
The orc warrior hits you with a +1 quarterstaff of distortion.
Space warps around you.
Sin92's ghost screams, "Zot is a myth, the ORB is a fable, you'll soon be a tale!"
Your iguana zombie bites Sin92's ghost!
You slash the small abomination!
The small abomination is almost destroyed.
You slash Sin92's ghost!
You hit the orc warrior but do no damage.
You block the small abomination's attack.
The orc warrior hits you with a +1 quarterstaff of distortion.
Space warps around you!
Your orc wizard zombie barely misses Sin92's ghost.
The small abomination hits you but does no damage.
Your iguana zombie barely misses Sin92's ghost.
You closely miss the small abomination.
The small abomination is almost destroyed.
You closely miss the orc warrior. You hit Sin92's ghost.
The orc warrior hits you but does no damage.
Space warps horribly around you!!
* * * LOW HITPOINT WARNING * * *
Sin92's ghost stares at you.
Sin92's ghost hits you but does no damage.
The small abomination hits you but does no damage.
Your orc wizard zombie closely misses Sin92's ghost.
Your iguana zombie bites Sin92's ghost.
Sin92's ghost hits you but does no damage.
The orc warrior hits you but does no damage.
Space warps horribly around you.
* * * LOW HITPOINT WARNING * * *
Unknown command.
You slash the small abomination!
You destroy the small abomination!
You hit the orc warrior but do no damage.
You hit Sin92's ghost.
Your orc wizard zombie barely misses the ufetubus.
The orc warrior hits you with a +1 quarterstaff of distortion!
You die...
Your body rises from the dead as a mindless zombie.

#......................##.#.####
#....####.......###...###.#.....
#....##.###...###©##......###..#
#....##...##©.##.#.#...#### #..#
#.....#.##.####.^.##...# #..#
#....##.#...©....##....# #...
##..##.###...^..##.....# ###.#
#..#..o.....ZoZ#...).## #....
#ZZ##.##.###5W@###....# #.###
##Z..# ..##.###...##...# #....
#....##..#....##...#...# #....
#...##.#.###...##.∩#..## #<###
#.Z.#W###..##..##$##.Z# #####
#..Z##.".^..#..##.#...######...Z
#....####..##..##.#...##...#.###
##......####....###...##.#.#..#
#.......##Z.....©....##.#.#..#


You could see an orc warrior (ally target), Sin92's ghost, an ufetubus (ally
target), a friendly iguana zombie and a friendly orc wizard zombie.

Vanquished Creatures
  Eustachio (D:5)
  A small abomination (D:6)
  An ice beast (D:5)
  2 phantoms
  3 kobold brigands (Sewer)
  2 scorpions
  A hound (D:5)
  4 iguanas
  2 orc wizards
  8 gnolls
  2 river rats
  12 adders
  6 worms
  A dart slug (D:4)
  12 orcs
  5 bats
  14 endoplasms
  2 giant cockroaches
  2 goblins
  5 hobgoblins
  2 quokkas (D:1)
  15 ball pythons
  A frilled lizard (D:3)
  11 kobolds
  5 rats
120 creatures vanquished.

Vanquished Creatures (collateral kills)
  Jessica (D:3)
  A gnoll (D:6)
  An ufetubus (D:5)
  A worm (D:2)
  An orc (D:4)
  2 endoplasms (D:2)
  A hobgoblin (D:3)
  2 bats
  2 rats
12 creatures vanquished.

Vanquished Creatures (others)
  An adder zombie (D:2)
  2 gnoll zombies (D:6)
  4 endoplasm zombies
  A giant cockroach zombie (D:3)
  A hobgoblin zombie (D:3)
  2 orc zombies (D:5)
11 creatures vanquished.

Grand Total: 143 creatures vanquished

Notes
Turn   | Place    | Note
-------+----------+-------------------------------------------
     0 | D:1      | apoch the Gnoll Fighter began the quest for the Orb.
     0 | D:1      | Reached XP level 1. HP: 23/23 MP: 1/1
   203 | D:1      | Reached XP level 2. HP: 25/29 MP: 2/2
   210 | D:1      | Found a faded altar of an unknown god.
   219 | D:1      | Prayed at the altar of an unknown god.
   219 | D:1      | Became a worshipper of Yredelemnul the Dark
   219 | D:1      | Reached * piety under Yredelemnul
  1132 | D:2      | Reached XP level 3. HP: 29/35 MP: 2/4
  1295 | D:2      | Reached skill level 1 in Invocations
  1435 | D:2      | Reached skill level 1 in Short Blades
  1435 | D:2      | Reached skill level 1 in Long Blades
  1435 | D:2      | Reached skill level 1 in Maces & Flails
  1435 | D:2      | Reached skill level 1 in Polearms
  1435 | D:2      | Reached skill level 1 in Staves
  1435 | D:2      | Reached skill level 1 in Ranged Weapons
  1435 | D:2      | Reached skill level 1 in Throwing
  1435 | D:2      | Reached skill level 1 in Dodging
  1435 | D:2      | Reached skill level 1 in Stealth
  1435 | D:2      | Reached skill level 1 in Unarmed Combat
  1435 | D:2      | Reached skill level 1 in Spellcasting
  1435 | D:2      | Reached skill level 1 in Evocations
  1604 | D:2      | Reached XP level 4. HP: 36/41 MP: 5/5
  2015 | D:2      | Reached skill level 1 in Conjurations
  2015 | D:2      | Reached skill level 1 in Hexes
  2015 | D:2      | Reached skill level 1 in Summonings
  2015 | D:2      | Reached skill level 1 in Necromancy
  2015 | D:2      | Reached skill level 1 in Translocations
  2015 | D:2      | Reached skill level 1 in Transmutations
  2015 | D:2      | Reached skill level 1 in Fire Magic
  2015 | D:2      | Reached skill level 1 in Ice Magic
  2015 | D:2      | Reached skill level 1 in Air Magic
  2015 | D:2      | Reached skill level 1 in Earth Magic
  2015 | D:2      | Reached skill level 1 in Poison Magic
  2410 | D:3      | Reached XP level 5. HP: 43/47 MP: 7/7
  2689 | D:3      | Reached ** piety under Yredelemnul
  2762 | D:3      | Noticed Jessica
  2772 | D:3      | Killed Jessica
  3204 | D:4      | Found a glowing drain.
  3229 | Sewer    | Entered a sewer
  3444 | Sewer    | Noticed a kobold brigand
  3459 | Sewer    | Killed a kobold brigand
  3460 | Sewer    | Reached XP level 6. HP: 38/53 MP: 8/8
  3582 | Sewer    | Reached skill level 5 in Axes
  4173 | Sewer    | Reached XP level 7. HP: 34/60 MP: 10/10
  4361 | D:4      | Found a shadowy altar of Dithmenos.
  4926 | D:5      | Entered Level 5 of the Dungeon
  5069 | D:5      | Noticed Eustachio
  5103 | D:5      | Killed Eustachio
  5250 | D:5      | Found an ornate altar of the Wu Jian Council.
  5274 | D:5      | Reached XP level 8. HP: 45/67 MP: 12/12
  5527 | D:5      | Found a white marble altar of Elyvilon.
  6032 | D:6      | Found a transporter.
  6046 | D:6      | Found a one-way gate to the infinite horrors of the Abyss.
  6081 | D:6      | Noticed an ancient zyme
  6097 | D:6      | Found a transporter.
  6492 | D:6      | Noticed Sin92's ghost (novice DsFi)
  6503 | D:6      | Slain by an orc warrior

Illustrated notes

Levels and vault maps discovered:
D:1:      dpeg_arrival_signposts, layout_basic, ebering_ecumenical_altar_hall
D:2:      kb_forest_paths, layout_basic
D:3:      layout_loops_cross, uniq_jessica
D:4:      layout_loops_ring, mainiacjoe_overflow_alcove_1, portal_sewer_entry_a,
          kennysheep_generic_room_6
D:5:      layout_basic, mainiacjoe_overflow_boulevard, old_standard_altar,
          uniq_eustachio
D:6:      layout_basic, gammafunk_ghost_abyssal_escape

Skill      XL: |  1  2  3  4  5  6  7 |
---------------+----------------------+-----
Invocations    | 1 2 3 |  3.8
Short Blades   | 1 2 3 |  3.4
Long Blades    | 1 2 3 |  3.4
Maces & Flails | 1 2 3 |  3.4
Polearms       | 1 2 3 |  3.4
Staves         | 1 2 3 |  3.4
Ranged Weapons | 1 2 3 |  3.4
Throwing       | 1 2 3 |  3.4
Dodging        | 1 2 3 |  3.4
Stealth        | 1 2 3 |  3.4
Unarmed Combat | 1 2 3 |  3.4
Spellcasting   | 1 2 3 |  3.4
Evocations     | 1 2 3 |  3.4
Conjurations   | 1 2 |  2.8
Hexes          | 1 2 |  2.8
Summonings     | 1 2 |  2.8
Necromancy     | 1 2 |  2.8
Translocations | 1 2 |  2.8
Transmutations | 1 2 |  2.8
Fire Magic     | 1 2 |  2.8
Ice Magic      | 1 2 |  2.8
Air Magic      | 1 2 |  2.8
Earth Magic    | 1 2 |  2.8
Poison Magic   | 1 2 |  2.8
Axes           | 5 |  5.8
Fighting       | 7 |  7.4
Armour         | 7 |  7.4
Shields        | 7 |  7.4

Action                   |  1- 3 |  4- 6 |  7- 9 || total
-------------------------+-------+-------+-------++-------
Melee: War axe           |    72 |   182 |   155 ||   409
       Bite              |     2 |     8 |    15 ||    25
Throw: Stone             |     8 |       |     7 ||    15
Invok: Recall Undead Har |       |     4 |     3 ||     7
  Use: Scroll            |       |     6 |     3 ||     9
       Potion            |       |       |     1 ||     1
 Stab: Distracted        |     1 |     1 |       ||     2
Armor: Scale mail        |    11 |       |       ||    11
       Chain mail        |    19 |   116 |   138 ||   273
Dodge: Dodged            |    18 |    58 |    77 ||   153
Block: Buckler           |    18 |    44 |    64 ||   126
